 Dungeon Crawl Stone Soup version 0.23.1 (webtiles) character file.

Game seed: 0

249 dengdeng the Chopper (level 5, -17/47 HPs)
             Began as a Minotaur Berserker on Mar 4, 2019.
             Was a Priest of Trog.
             Demolished by an ogre
             ... wielding a +0 giant spiked club
              (25 damage)
             ... on level 3 of the Dungeon on Mar 5, 2019.
             The game lasted 00:06:50 (2605 turns).

dengdeng the Chopper (Minotaur Berserker)           Turns: 2605, Time: 00:06:51

Health: -17/47     AC:  9    Str: 23    XL:     5   Next: 86%
Magic:  4/4        EV:  9    Int:  4    God:    Trog [***...]
Gold:   261        SH:  0    Dex:  9    Spells: 4/4 levels left

rFire    . . .     SeeInvis .   a - +0 hand axe
rCold    . . .     Gourm    .   (no shield)
rNeg     . . .     Faith    .   i - +0 chain mail
rPois    .         Spirit   .   (helmet restricted)
rElec    .         Reflect  .   (no cloak)
rCorr    .         Harm     .   (no gloves)
MR       .....                  (no boots)
Stlth    ..........             (no amulet)
HPRegen  0.15/turn              (no ring)
MPRegen  0.09/turn              (no ring)

@: no status effects
A: retaliatory headbutt, horns 2
a: Berserk, Trog's Hand, Renounce Religion


You were on level 3 of the Dungeon.
You worshipped Trog.
Trog was most pleased with you.
You were not hungry.

You visited 1 branch of the dungeon, and saw 3 of its levels.

You collected 261 gold pieces.

Inventory:

Hand Weapons
 a - a +0 hand axe (weapon)
Missiles
 e - 43 stones (quivered)
 j - 3 tomahawks
Armour
 i - a +0 chain mail (worn)
Scrolls
 f - a scroll of immolation {unknown}
 g - 3 scrolls of identify {unknown}
 h - 3 scrolls of remove curse {unknown}
 k - 2 scrolls of random uselessness {unknown}
 m - a scroll of blinking {unknown}
 n - a scroll of enchant armour {unknown}
 o - a scroll of enchant weapon {unknown}
Potions
 b - a potion of ambrosia {unknown}
 d - 2 potions of lignification {unknown}
 l - a potion of flight {unknown}
 p - 4 potions of resistance {unknown}
Comestibles
 c - 6 rations


   Skills:
 + Level 4.8 Fighting
 + Level 6.1 Axes
 + Level 4.2 Armour
 + Level 2.6 Dodging


You had 4 spell levels left.
You didn't know any spells.
Your spell library was empty.

Dungeon Overview and Level Annotations

Branches:
Dungeon (3/15)

Altars:
Ashenzari


Innate Abilities, Weirdness & Mutations

You reflexively headbutt those who attack you in melee.
You have a pair of horns on your head.


Message History

You hit the ogre.
The ogre is moderately wounded.
The ogre barely misses you.
You hit the ogre but do no damage.
The ogre is moderately wounded.
The ogre hits you with a +0 giant spiked club!
You hit the ogre but do no damage.
The ogre is moderately wounded.
The ogre hits you with a +0 giant spiked club!!
* * * LOW HITPOINT WARNING * * *
You hit the ogre.
The ogre is heavily wounded.
You closely miss the ogre. Your headbutt misses the ogre.
The ogre is heavily wounded.
The ogre closely misses you.
You hit the ogre.
The ogre is severely wounded.
The ogre hits you with a +0 giant spiked club!!
Ouch! That really hurt!
You die...

###....##.)........#...#.......#
#......>...........######......#
..................##.# ##.....#
####...##........##..# ##...## #
#...##.......##...# ##..# #
#...##......##.?..# ##.#
####...##.....##.....# ###
.............##......#
####...#........@O.#
####....................
..................######
########..........# ############


You could see an ogre.

Vanquished Creatures
  Natasha (D:3)
  11 gnolls (D:3)
  4 adders
  2 oozes
  2 worms
  3 leopard geckos
  An orc (D:3)
  2 ball pythons
  7 bats
  4 giant cockroaches
  7 goblins
  11 hobgoblins
  2 jackals (D:2)
  4 frilled lizards
  2 kobolds
  A leopard gecko skeleton (D:3)
  7 rats
71 creatures vanquished.

Notes
Turn   | Place    | Note
-------+----------+-------------------------------------------
     0 | D:1      | dengdeng the Minotaur Berserker began the quest for the
                  | Orb.
     0 | D:1      | Reached XP level 1. HP: 19/19 MP: 0/0
   279 | D:1      | Reached skill level 4 in Axes
   279 | D:1      | Reached XP level 2. HP: 27/27 MP: 1/1
   795 | D:2      | Reached XP level 3. HP: 33/33 MP: 2/2
   939 | D:2      | Reached ** piety under Trog
  1460 | D:3      | Reached XP level 4. HP: 9/41 MP: 3/3
  1462 | D:3      | Reached skill level 5 in Axes
  2024 | D:3      | Found a shattered altar of Ashenzari.
  2040 | D:3      | Reached XP level 5. HP: 47/47 MP: 4/4
  2059 | D:3      | Noticed Natasha
  2072 | D:3      | Killed Natasha
  2081 | D:3      | Reached *** piety under Trog
  2301 | D:3      | Reached skill level 6 in Axes
  2594 | D:3      | Noticed an ogre
  2605 | D:3      | Demolished by an ogre

Skill      XL: |  1  2  3  4  5 |
---------------+----------------+-----
Axes           | 4 5 6 |  6.1
Fighting       | 4 |  4.8
Armour         | 3 4 |  4.2
Dodging        | |  2.6

Action                   |  1- 3 |  4- 6 || total
-------------------------+-------+-------++-------
Melee: Hand axe          |    84 |    91 ||   175
       Headbutt          |    12 |    17 ||    29
Invok: Berserk           |       |     2 ||     2
  Eat: Chunk             |     2 |     5 ||     7
Armor: Chain mail        |    46 |    41 ||    87
       Animal skin       |     2 |       ||     2
Dodge: Dodged            |    50 |    46 ||    96
